 Dungeon Crawl Stone Soup version 0.23.2-1-ga50397a (webtiles) character file.

Game seed: 9605790602186082683

83973 IBeShadow the Basher (level 15, -1/97 HPs)
             Began as a Tengu Fighter on May 16, 2019.
             Was an Elder of Okawaru.
             Killed by divine providence
             ... invoked by a meliai
              (11 damage)
             ... on level 13 of the Dungeon.
             The game lasted 01:14:59 (40346 turns).

IBeShadow the Basher (Tengu Fighter)               Turns: 40346, Time: 01:14:59

Health: -1/97      AC: 18    Str: 16 (18) XL:     15   Next: 78%
Magic:  25/25      EV:  7    Int: 10 (12) God:    Okawaru [****..]
Gold:   2526       SH:  0    Dex: 18      Spells: 24/27 levels left

rFire    . . .     SeeInvis .   Q - +2 lajatang (venom)
rCold    + . .     Gourm    .   (shield currently unavailable)
rNeg     . . .     Faith    .   w - +3 chain mail
rPois    .         Spirit   .   m - +1 hat
rElec    .         Reflect  .   H - +2 cloak
rCorr    .         Harm     .   h - +2 pair of gloves {Dex+3}
MR       +....                  (boots unavailable)
Stlth    ..........             (no amulet)
HPRegen  0.26/turn              v - ring of protection from cold
MPRegen  0.19/turn              l - +4 ring of slaying

@: flying quickly and evasively, heavily drained, quick
A: beak, talons 3, able to fly
a: Stop Flying, Heroism, Renounce Religion


You were on level 13 of the Dungeon.
You worshipped Okawaru.
Okawaru was greatly pleased with you.
You were hungry.

You visited 4 branches of the dungeon, and saw 22 of its levels.

You collected 2548 gold pieces.
You spent 22 gold pieces at shops.

Inventory:

Hand Weapons
 Q - a +2 lajatang of venom (weapon)
Missiles
 b - 2 throwing nets (quivered)
Armour
 h - a +2 pair of gloves of dexterity (worn)
 m - a +1 hat (worn)
 o - a +1 chain mail of fire resistance
 w - a +3 chain mail (worn)
 H - a +2 cloak (worn)
Jewellery
 g - an uncursed ring of protection from magic
 j - an uncursed ring of stealth
 l - a +4 ring of slaying (right hand)
 v - a ring of protection from cold (left hand)
 B - an uncursed ring of resist corrosion
 F - an uncursed ring of stealth
 J - an uncursed ring of poison resistance
 L - an uncursed ring of wizardry
Wands
 s - a wand of iceblast (26)
 C - a wand of polymorph (4)
 E - a wand of flame (19)
 M - a wand of clouds (8)
 N - a wand of enslavement (12)
 T - a wand of paralysis (2)
Scrolls
 e - 7 scrolls of teleportation
 i - a scroll of fog
 k - 4 scrolls of magic mapping
 p - 10 scrolls of enchant armour
 t - 2 scrolls of blinking
 u - 2 scrolls of immolation
 y - 6 scrolls of remove curse
 z - 3 scrolls of identify
 A - a scroll of vulnerability
 D - 3 scrolls of fear
 O - 2 scrolls of amnesia
Potions
 c - a potion of agility {unknown}
 n - 2 potions of lignification
 q - a potion of berserk rage {unknown}
 r - 3 potions of flight
 x - 3 potions of mutation
 G - a potion of curing
 I - a potion of brilliance {unknown}
 P - 2 potions of might
 U - a potion of cancellation
Miscellaneous
 a - a lightning rod (2/4)
 K - a crystal ball of energy
Comestibles
 f - 48 rations


   Skills:
 + Level 12.9(11.5) Fighting
   Level 13.0(12.2) Maces & Flails
 * Level 7.1(9.7) Staves
 - Level 3.2(2.1) Armour
   Level 4.4(3.3) Shields
 - Level 6.5(5.3) Spellcasting
 - Level 9.0(7.6) Charms
 + Level 11.9(10.4) Necromancy
 - Level 10.2(8.8) Invocations
 + Level 4.2(3.0) Evocations


You had 24 spell levels left.
You knew the following spells:

 Your Spells              Type           Power        Failure   Level  Hunger
a - Regeneration          Chrm/Necr      ###.......   28%         3    ###....

Your spell library contained the following spells:

 Spells                   Type           Power        Failure   Level  Hunger
 Animate Skeleton         Necr           N/A          5%          1    None
 Pain                     Necr           ###.         5%          1    None
 Infusion                 Chrm           ###.         17%         1    None
 Vampiric Draining        Necr           ###.......   17%         3    ###....
 Song of Slaying          Chrm           ###.....     26%         2    ##.....
 Animate Dead             Necr           N/A          50%         4    ####...
 Shroud of Golubria       Chrm/Tloc      ##........   77%         2    ##.....
 Swiftness                Chrm/Air       ##......     77%         2    ##.....
 Spectral Weapon          Hex/Chrm       ##......     94%         3    ###....
 Apportation              Tloc           #.....       99%         1    None
 Summon Butterflies       Summ           #.......     99%         1    None
 Blink                    Tloc           N/A          99%         2    ##.....
 Passwall                 Tmut/Erth      #.......     99%         2    ##.....
 Poisonous Vapours        Pois/Air       #.....       99%         2    ##.....
 Conjure Flame            Conj/Fire      #.......     100%        3    ###....
 Inner Flame              Hex/Fire       #.......     100%        3    ###....
 Lesser Beckoning         Tloc           #.........   100%        3    ###....
 Mephitic Cloud           Conj/Pois/Air  #.......     100%        3    ###....
 Recall                   Summ/Tloc      N/A          100%        3    ###....
 Static Discharge         Conj/Air       #.......     100%        3    ###....
 Tukima's Dance           Hex            #.......     100%        3    ###....
 Passage of Golubria      Tloc           N/A          100%        4    ####...
 Summon Ice Beast         Ice/Summ       #.......     100%        4    ####...
 Alistair's Intoxication  Tmut/Pois      #.......     100%        5    ######.
 Lee's Rapid Deconstruct  Erth           #.........   100%        5    ######.
 Lightning Bolt           Conj/Air       #.........   100%        5    ######.
 Darkness                 Hex            #.........   100%        6    #######
 Freezing Cloud           Conj/Ice/Air   #.........   100%        6    #######
 Invisibility             Hex            #.......     100%        6    #######
 Shadow Creatures         Summ           N/A          100%        6    #######
 Malign Gateway           Summ/Tloc      #.........   100%        7    #######
 Ring of Flames           Chrm/Fire      ##........   100%        7    #######
 Ignition                 Fire           #.........   100%        8    #######
 Shatter                  Erth           #.........   100%        9    #######
 Tornado                  Air            #.........   100%        9    #######


Dungeon Overview and Level Annotations

Branches:
Dungeon (13/15)            Temple (1/1) D:7            Lair (6/6) D:9
 Shoals (0/4) Lair:3        Snake (0/4) Lair:4        Slime (0/5) Lair:5
    Orc (2/2) D:9             Elf (0/3) Orc:2
 Vaults: D:13-14

Altars:
Ashenzari
Cheibriados
Dithmenos
Elyvilon
Fedhas
Gozag
Hepliaklqana
Kikubaaqudgha
Makhleb
Nemelex Xobeh
Okawaru
Qazlal
Ru
Sif Muna
Trog
Uskayaw
Vehumet
Wu Jian
Xom
Yredelemnul
Zin
The Shining One
Jiyva

Shops:
D:5 (   D:10 }   Orc:2 ([(?

Annotations:
Lair:2 exclusion: oklob plant
Lair:5 1 runed translucent door


Innate Abilities, Weirdness & Mutations

You have a beak for a mouth.
You have claws for feet.
You can fly continuously.


Message History

Something smites you!
* * * LOW HITPOINT WARNING * * *
You hear a shout! x2
Okay, then.
Evoke which item? (* to show all) (? for menu, Esc to quit)
Aiming: Thunderbolt
Press: ? - help, Shift-Dir - straight line, f - meliai
Aim: a meliai, wielding a +0 war axe and wearing a +0 leather armour The thunderbolt hits the meliai!
The meliai is moderately wounded.
The thunderbolt hits the meliai!
You kill the meliai!
Okawaru accepts your kill.
The thunderbolt hits the human!
The human is moderately wounded.
You hear a shout!
The meliai hits you but does no damage. The meliai closely misses you.
The meliai calls down the wrath of its god upon you.
Something smites you!
You die...

# ##.............##
######.....#.....##
#........######### ####
...............# #...##
..##...........# #.....#
..###..........# .......
.).##..........## .......
##..............##.......
####............@yp.....#
.# #...........###pps....
.####..........# ..p....
.......######### .......
..####.# #..p... ..# #.##
#..p.. ######..#####
##... .##..........# ...
.#............


You could see 6 humans, a jumping spider and a meliai.

Vanquished Creatures
  An orc warlord (Orc:2)
  Josephine (D:12)
  A fire dragon (Lair:5)
  Erolcha (D:10)
  3 hydras
  A catoblepas (D:13)
  4 two-headed ogres
  4 death yaks
  An orc high priest (Orc:1)
  A swamp dragon (Lair:6)
  An unseen horror (D:13)
  Pikel (D:7)
  3 cyclopes
  3 orc sorcerers
  5 orc knights
  2 ugly things (D:11)
  8 black mambas
  2 merfolk sirens (Lair:3)
  24 elephants
  4 centaur zombies
  A guardian serpent (Lair:4)
  10 spiny frogs
  Joseph (D:8)
  A torpor snail (Lair:4)
  9 rime drakes
  A kobold demonologist (D:11)
  A freezing wraith (D:11)
  9 komodo dragons
  2 trolls
  5 meliai
  10 polar bears (Lair:6)
  A jumping spider (shapeshifter) (D:13)
  2 queen bees
  2 merfolk (Lair:3)
  Grinder (D:4)
  7 slime creatures
  15 blink frogs
  11 hippogriffs
  6 dream sheep
  10 wyverns
  6 wraiths
  45 yaks
  6 basilisks
  2 steam dragons
  A hungry ghost (D:10)
  Menkaure (D:5)
  2 acid dragons (Lair:6)
  11 wargs
  15 hell hounds (Lair:6)
  Duvessa (D:6)
  10 porcupines
  15 water moccasins
  2 swamp drakes
  11 black bears (Lair:6)
  3 phantoms
  4 slaves (D:7)
  45 orc warriors
  An eye of draining (D:13)
  2 sky beasts
  2 ice beasts (D:5)
  A necrophage (D:13)
  9 ogres
  28 wolves
  9 centaurs
  14 crocodiles
  A big kobold (D:11)
  18 bullfrogs
  Blork the orc (D:5)
  Dowan (D:6)
  2 water moccasin zombies
  A wyvern skeleton (D:13)
  3 scorpions
  45 killer bees
  5 wights (D:12)
  2 electric eels (Lair:6)
  2 howler monkeys
  6 crimson imps
  A quasit (D:10)
  A bullfrog skeleton (D:7)
  7 hounds
  3 jellies
  18 orc wizards
  14 orc priests
  3 iguanas
  4 hell rats (D:9)
  9 worker ants
  A hound zombie (D:11)
  4 worker ant zombies
  Robin (D:2)
  13 adders
  3 gnolls (D:3)
  3 shadow imps
  An adder skeleton (D:4)
  An adder zombie (D:9)
  4 worms
  2 dart slugs
  5 leopard geckos
  96 orcs
  9 bats
  4 giant cockroaches
  14 goblins
  9 hobgoblins
  15 jackals
  14 kobolds
  2 quokkas
  6 frilled lizards
  6 rats
  A fungus (Lair:1)
  A plant (Lair:6)
784 creatures vanquished.

Vanquished Creatures (others)
  4 fungi
  49 plants
53 creatures vanquished.

Grand Total: 837 creatures vanquished

Notes
Turn   | Place    | Note
-------+----------+-------------------------------------------
     0 | D:1      | IBeShadow the Tengu Fighter began the quest for the Orb.
     0 | D:1      | Reached XP level 1. HP: 14/14 MP: 2/2
   111 | D:1      | Reached XP level 2. HP: 14/19 MP: 3/3
   673 | D:1      | Reached skill level 3 in Maces & Flails
  1096 | D:2      | Reached XP level 3. HP: 23/23 MP: 4/4
  1132 | D:2      | Noticed Robin
  1146 | D:2      | Killed Robin
  1523 | D:2      | Reached XP level 4. HP: 29/29 MP: 5/5
  1669 | D:2      | Reached skill level 4 in Maces & Flails
  1712 | D:2      | Found a radiant altar of Vehumet.
  1801 | D:2      | Gained mutation: You can fly continuously. [Tengu growth]
  1801 | D:2      | Reached XP level 5. HP: 27/34 MP: 6/6
  2580 | D:3      | Reached skill level 5 in Fighting
  2580 | D:3      | Reached skill level 5 in Maces & Flails
  2580 | D:3      | Reached XP level 6. HP: 10/40 MP: 7/7
  2613 | D:3      | Found an iron altar of Okawaru.
  2619 | D:3      | Became a worshipper of Warmaster Okawaru
  3619 | D:4      | Reached skill level 1 in Invocations
  3631 | D:4      | Noticed a phantom
  3676 | D:4      | Killed a phantom
  3676 | D:4      | Reached * piety under Okawaru
  3676 | D:4      | Reached XP level 7. HP: 19/45 MP: 7/9
  3843 | D:4      | Reached skill level 6 in Maces & Flails
  4142 | D:4      | Noticed Grinder
  4154 | D:4      | Killed Grinder
  4227 | D:4      | Reached XP level 8. HP: 32/52 MP: 11/11
  4278 | D:4      | Reached ** piety under Okawaru
  4658 | D:5      | Entered Level 5 of the Dungeon
  4745 | D:5      | Noticed Menkaure
  4750 | D:5      | Reached skill level 7 in Maces & Flails
  4757 | D:5      | Killed Menkaure
  4774 | D:5      | Noticed Blork the orc
  5428 | D:5      | Killed Blork the orc
  5478 | D:5      | Learned a level 3 spell: Regeneration
  5549 | D:5      | Found Elaraewn's Antique Weapon Emporium.
  5713 | D:5      | Reached XP level 9. HP: 47/57 MP: 13/13
  5892 | D:6      | Noticed Duvessa
  5893 | D:6      | Noticed Dowan
  5902 | D:6      | Killed Duvessa
  5902 | D:6      | Reached skill level 1 in Necromancy
  5910 | D:6      | Killed Dowan
  6062 | D:6      | Reached skill level 8 in Maces & Flails
  6062 | D:6      | Reached skill level 1 in Spellcasting
  6062 | D:6      | Reached skill level 1 in Charms
  6641 | D:7      | Found a staircase to the Ecumenical Temple.
  6666 | Temple   | Entered the Ecumenical Temple
  7214 | D:7      | Noticed Pikel
  7263 | D:7      | Killed Pikel
  7263 | D:7      | Reached skill level 5 in Invocations
  7735 | D:8      | Reached *** piety under Okawaru
  7738 | D:8      | Noticed Joseph
  7763 | D:8      | Killed Joseph
  7804 | D:8      | Reached XP level 10. HP: 64/64 MP: 15/15
  7920 | D:8      | Noticed a two-headed ogre
  7928 | D:8      | Killed a two-headed ogre
  8159 | D:9      | Noticed a death yak
  8160 | D:9      | Noticed a death yak
  8163 | D:9      | Reached **** piety under Okawaru
  8163 | D:9      | Noticed a death yak
  9049 | D:9      | Reached skill level 9 in Maces & Flails
  9085 | D:9      | Noticed a two-headed ogre
  9098 | D:9      | Killed a two-headed ogre
  9961 | D:9      | Reached skill level 5 in Necromancy
 10558 | D:9      | Reached XP level 11. HP: 59/71 MP: 15/18
 11436 | D:8      | Killed a death yak
 11436 | D:8      | Reached ***** piety under Okawaru
 11543 | D:9      | Killed a death yak
 11592 | D:9      | Found a staircase to the Orcish Mines.
 11974 | D:8      | Killed a death yak
 12342 | D:9      | Found a staircase to the Lair.
 12655 | Lair:1   | Entered Level 1 of the Lair of Beasts
 12668 | Lair:1   | Reached skill level 10 in Maces & Flails
 12668 | Lair:1   | Reached skill level 5 in Spellcasting
 13850 | Lair:1   | Reached skill level 5 in Charms
 13850 | Lair:1   | Reached XP level 12. HP: 35/77 MP: 21/21
 13863 | Lair:1   | Received a gift from Okawaru
 14473 | Lair:2   | Reached skill level 10 in Fighting
 14799 | Lair:2   | Identified Bumav's Volume of Torrid Summoning
 14871 | Lair:2   | Received a gift from Okawaru
 16004 | Lair:3   | Reached skill level 11 in Maces & Flails
 16351 | Lair:3   | Found a staircase to the Shoals.
 16587 | Lair:3   | Reached XP level 13. HP: 34/83 MP: 23/23
 20080 | Lair:4   | Found a staircase to the Snake Pit.
 20322 | Lair:4   | Reached skill level 12 in Maces & Flails
 20844 | Lair:4   | Reached ****** piety under Okawaru
 21401 | Lair:5   | Found a runed translucent door.
 21402 | Lair:5   | Found a viscous altar of Jiyva.
 21402 | Lair:5   | Found a staircase to the Slime Pits.
 21402 | Lair:5   | Noticed an acid blob
 21403 | Lair:5   | Noticed an acid blob
 22209 | Lair:5   | Reached XP level 14. HP: 90/90 MP: 24/24
 22296 | Lair:5   | Got a faintly glowing scale mail
 22297 | Lair:5   | Identified the +1 scale mail of Cocytus {+Blink Dex-2
                  | Stlth+} (You found it on level 5 of the Lair of Beasts)
 22832 | Lair:6   | Entered Level 6 of the Lair of Beasts
 22852 | Lair:6   | Received a gift from Okawaru
 22869 | Lair:6   | Reached skill level 10 in Necromancy
 24640 | Lair:6   | Received a gift from Okawaru
 24938 | Lair:6   | Reached skill level 10 in Invocations
 25831 | Lair:6   | Reached skill level 13 in Maces & Flails
 25854 | Lair:6   | Received a gift from Okawaru
 26308 | Lair:6   | Got a shimmering scale mail
 26319 | Lair:6   | Identified the +2 scale mail "Ajamajyc" {+Fly rF- Int-4
                  | Dex+8} (You found it on level 6 of the Lair of Beasts)
 26930 | Lair:6   | Reached skill level 1 in Staves
 27821 | D:10     | Entered Level 10 of the Dungeon
 27996 | D:10     | Noticed Erolcha
 28009 | D:10     | Killed Erolcha
 28100 | D:10     | Found Nunuz's Gadget Shop.
 28180 | D:10     | Reached XP level 15. HP: 62/97 MP: 23/25
 28594 | D:10     | Reached skill level 1 in Evocations
 28753 | D:11     | Received a gift from Okawaru
 29645 | D:11     | Identified the Guide on Quantum Envenoming
 30566 | D:12     | Noticed Josephine
 30575 | D:12     | Killed Josephine
 31938 | Orc:1    | Entered Level 1 of the Orcish Mines
 31951 | D:9      | Reached skill level 5 in Staves
 33557 | Orc:2    | Entered Level 2 of the Orcish Mines
 34190 | Orc:2    | Found a staircase to the Elven Halls.
 35976 | Orc:2    | Found Plog's Armour Boutique.
 35976 | Orc:2    | Found Jucsu's Weapon Emporium.
 35978 | Orc:2    | Found Muvar's Magic Scroll Shoppe.
 35980 | Orc:2    | Found Agrixt's Antique Weapon Shop.
 35992 | Orc:2    | Bought a scroll of fog for 22 gold pieces
 37570 | Orc:1    | Found a burning altar of Makhleb.
 37672 | Orc:1    | Noticed an orc warlord
 39281 | Orc:2    | Killed an orc warlord
 40343 | D:13     | Received a gift from Okawaru
 40346 | D:13     | Killed from afar by a meliai

Skill      XL: |  1  2  3  4  5  6  7  8  9 10 11 12 13 14 15 |
---------------+----------------------------------------------+-----
Maces & Flails | 3 4 5 6 7 8 9 10 11 12 13 | 13.0
Fighting       | 4 5 6 7 8 9 10 11 12 | 12.9
Invocations    | 1 3 4 5 6 7 8 9 10 | 10.2
Necromancy     | 3 5 6 8 9 11 | 11.9
Spellcasting   | 2 4 5 6 |  6.5
Charms         | 2 3 5 6 7 8 9 |  9.0
Shields        | 4 |  4.4
Staves         | 2 7 |  7.1
Evocations     | 4 |  4.2
Armour         | |  3.2

Action                   |  1- 3 |  4- 6 |  7- 9 | 10-12 | 13-15 || total
-------------------------+-------+-------+-------+-------+-------++-------
Melee: Flail             |    88 |   162 |   239 |   533 |       ||  1022
       Kick              |    12 |    46 |    96 |   333 |   617 ||  1104
       Peck              |    11 |    28 |    59 |   198 |   383 ||   679
       Punch             |       |       |     1 |       |       ||     1
       Morningstar       |       |       |       |   268 |   885 ||  1153
       Lajatang          |       |       |       |       |   711 ||   711
 Cast: Regeneration      |       |       |       |       |     6 ||     6
Invok: Heroism           |       |       |     8 |    31 |    39 ||    78
       Finesse           |       |       |       |     1 |    12 ||    13
 Abil: Fly               |       |     1 |       |       |       ||     1
Evoke: Wand              |       |       |     1 |     1 |    20 ||    22
       Lightning rod     |       |       |       |       |     5 ||     5
  Use: Potion            |       |     2 |     3 |       |    11 ||    16
       Scroll            |       |     7 |     2 |     1 |    14 ||    24
 Stab: Sleeping          |     1 |       |       |       |       ||     1
       Invisible         |       |       |     2 |       |       ||     2
       Paralysed         |       |       |       |       |     9 ||     9
       Distracted        |       |       |       |       |     1 ||     1
  Eat: Chunk             |     2 |     7 |    12 |    23 |    66 ||   110
       Ration            |       |       |       |     1 |     3 ||     4
Armor: Scale mail        |    18 |       |       |       |       ||    18
       Chain mail        |    23 |   109 |   114 |   393 |  1048 ||  1687
Dodge: Dodged            |    51 |    99 |    86 |   303 |   749 ||  1288
Block: Buckler           |       |       |     5 |   230 |   266 ||   501
